 Dungeon Crawl Stone Soup version 0.21.1-1-g345015f (webtiles) character file.

86524 raistware the Eclecticist (level 15, 0/90 HPs)
             Began as a Mummy Wizard on Apr 27, 2018.
             Was a High Priest of Vehumet.
             Slain by a tyrant leech (8 damage)
             ... on level 4 of the Swamp on Apr 28, 2018.
             The game lasted 04:10:22 (27237 turns).

raistware the Eclecticist (Mummy Wizard)           Turns: 27237, Time: 04:10:23

Health: 0/90       AC: 14    Str: 11    XL:     15   Next: 41%
Magic:  19/44      EV: 12    Int: 23    God:    Vehumet [*****.]
Gold:   1505       SH:  0    Dex: 11    Spells: 9/46 levels left

rFire    x . .     SeeInvis .   P - +0 morningstar (protect)
rCold    + . .     Gourm    .   (no shield)
rNeg     + + +     Faith    .   G - +3 troll leather armour {Snorg}
rPois    ∞         Spirit   .   w - +2 hat
rElec    .         Reflect  .   B - +1 cloak {MR+}
rCorr    .         Harm     .   n - +1 pair of gloves
MR       ++...                  (no boots)
Stlth    +++.......             W - amulet of magic regeneration
HPRegen  0.65/turn              f - ring of magical power
MPRegen  0.54/turn              y - ring of stealth

@: about to teleport
A: no food or potions, fire vulnerability, cold resistance 1, negative energy
resistance 3, torment resistance, unbreathing, in touch with death 1
a: Renounce Religion


You were on level 4 of the Swamp.
You worshipped Vehumet.
Vehumet was extremely pleased with you.
You were not hungry.

You visited 4 branches of the dungeon, and saw 23 of its levels.
You also visited: Sewer and Ossuary.

You collected 2142 gold pieces.
You spent 637 gold pieces at shops.

Inventory:

Hand Weapons
 m - a +2 dagger of venom
 p - a +4 whip of electrocution
 q - the +10 quarterstaff "Goiror" {crush, rF++ Int-3 Dex+2}
   (You found it on level 6 of the Lair of Beasts)

   It inflicts extra damage upon your enemies.
   It affects your intelligence (-3).
   It affects your dexterity (+2).
   It greatly protects you from fire.
 t - a +0 blowgun
 P - a +0 morningstar of protection (weapon)
Armour
 d - a +2 robe of the Archmagi
 n - a +1 pair of gloves (worn)
 w - a +2 hat (worn)
 B - a +1 cloak of magic resistance (worn)
 C - a +2 robe of magic resistance
 G - a +3 troll leather armour (worn) {Snorg}
Magical Staves
 F - an uncursed staff of cold
 R - an uncursed staff of air
Jewellery
 f - a ring of magical power (left hand)
 y - a ring of stealth (right hand)
 z - an uncursed ring of flight
 A - a +3 amulet of reflection
 W - an amulet of magic regeneration (around neck)
Wands
 j - a wand of flame (54)
 o - a wand of random effects (58)
 s - a wand of acid (15)
 I - a wand of polymorph (33)
 J - a wand of digging (13)
 Y - a wand of disintegration (11)
Scrolls
 a - 6 scrolls of enchant weapon
 e - 5 scrolls of amnesia
 g - 8 scrolls of teleportation
 h - 13 scrolls of remove curse
 i - 18 scrolls of identify
 l - 2 scrolls of fear
 r - 3 scrolls of fog
 u - 2 scrolls of vulnerability
 M - 2 scrolls of enchant armour
 Q - 3 scrolls of immolation
 X - 2 scrolls of magic mapping
Books
 b - a book of Power

   Spells                             Type                      Level
   a - Iskenderun's Battlesphere      Conjuration/Charms           5
   b - Venom Bolt                     Conjuration/Poison           5
   c - Bolt of Magma                  Conjuration/Fire/Earth       5
   d - Iron Shot                      Conjuration/Earth            6
   e - Orb of Destruction             Conjuration                  7
   f - Spellforged Servitor           Conjuration/Summoning        7
 c - a book of Minor Magic

   Spells                             Type                      Level
   a - Magic Dart                     Conjuration                  1
   b - Blink                          Translocation                2
   c - Call Imp                       Summoning                    2
   d - Slow                           Hexes                        2
   e - Conjure Flame                  Conjuration/Fire             3
   f - Mephitic Cloud                 Conjuration/Poison/Air       3
 k - a book of Misfortune

   Spells                             Type                      Level
   a - Confusing Touch                Hexes                        1
   b - Confuse                        Hexes                        3
   c - Gell's Gravitas                Translocation                3
   d - Petrify                        Transmutation/Earth          4
   e - Metabolic Englaciation         Hexes/Ice                    5
   f - Yara's Violent Unravelling     Hexes/Transmutation          5
 v - a book of Maledictions

   Spells                             Type                      Level
   a - Corona                         Hexes                        1
   b - Ensorcelled Hibernation        Hexes/Ice                    2
   c - Confuse                        Hexes                        3
   d - Tukima's Dance                 Hexes                        3
   e - Dazzling Spray                 Conjuration/Hexes            3
 x - a book of Cantrips

   Spells                             Type                      Level
   a - Confusing Touch                Hexes                        1
   b - Animate Skeleton               Necromancy                   1
   c - Summon Small Mammal            Summoning                    1
   d - Apportation                    Translocation                1
 D - a book of Geomancy

   Spells                             Type                      Level
   a - Sandblast                      Earth                        1
   b - Passwall                       Transmutation/Earth          2
   c - Stone Arrow                    Conjuration/Earth            3
   d - Petrify                        Transmutation/Earth          4
   e - Lee's Rapid Deconstruction     Earth                        5
 E - a book of Necromancy

   Spells                             Type                      Level
   a - Pain                           Necromancy                   1
   b - Animate Skeleton               Necromancy                   1
   c - Vampiric Draining              Necromancy                   3
   d - Regeneration                   Charms/Necromancy            3
   e - Animate Dead                   Necromancy                   4
   f - Borgnjor's Vile Clutch         Necromancy/Earth             5
 H - a book of Callings

   Spells                             Type                      Level
   a - Summon Small Mammal            Summoning                    1
   b - Call Imp                       Summoning                    2
   c - Call Canine Familiar           Summoning                    3
   d - Summon Guardian Golem          Hexes/Summoning              3
   e - Summon Lightning Spire         Summoning/Air                4
   f - Summon Ice Beast               Ice/Summoning                4
 L - a book of the Earth

   Spells                             Type                      Level
   a - Leda's Liquefaction            Hexes/Earth                  4
   b - Bolt of Magma                  Conjuration/Fire/Earth       5
   c - Statue Form                    Transmutation/Earth          6
   d - Iron Shot                      Conjuration/Earth            6
   e - Shatter                        Earth                        9
 N - a book of Transfigurations

   Spells                             Type                      Level
   a - Irradiate                      Conjuration/Transmutation    5
   b - Statue Form                    Transmutation/Earth          6
   c - Hydra Form                     Transmutation                6
   d - Dragon Form                    Transmutation                7
 S - the Reference Book on Enchanting Arcane Weapons
   (You found it on level 6 of the Lair of Beasts)

   Spells                             Type                      Level
   a - Shock                          Conjuration/Air              1
   b - Dazzling Spray                 Conjuration/Hexes            3
   c - Leda's Liquefaction            Hexes/Earth                  4
   d - Orb of Destruction             Conjuration                  7
 T - a book of Conjurations

   Spells                             Type                      Level
   a - Magic Dart                     Conjuration                  1
   b - Searing Ray                    Conjuration                  2
   c - Dazzling Spray                 Conjuration/Hexes            3
   d - Fulminant Prism                Conjuration/Hexes            4
   e - Force Lance                    Conjuration/Translocation    4
   f - Iskenderun's Mystic Blast      Conjuration                  4
 U - a book of the Sky

   Spells                             Type                      Level
   a - Summon Lightning Spire         Summoning/Air                4
   b - Silence                        Hexes/Air                    5
   c - Deflect Missiles               Charms/Air                   6
   d - Conjure Ball Lightning         Conjuration/Air              6
   e - Tornado                        Air                          9
Miscellaneous
 K - a lamp of fire
 O - a phial of floods
 V - a lightning rod (4/4)
 Z - a crystal ball of energy


   Skills:
 - Level 4.0 Armour
 - Level 2.0 Dodging
 - Level 2.0 Stealth
 + Level 16.3 Spellcasting
 * Level 16.0 Conjurations
 - Level 1.0 Summonings
 - Level 1.0 Translocations
 + Level 10.6 Fire Magic
 - Level 1.0 Air Magic
 - Level 1.0 Poison Magic


You had 9 spell levels left.
You knew the following spells:

 Your Spells              Type           Power        Failure   Level  Hunger
a - Magic Dart            Conj           ####         0%          1    N/A
b - Blink                 Tloc           N/A          3%          2    N/A
c - Call Imp              Summ           ###.....     3%          2    N/A
d - Conjure Flame         Conj/Fire      ######..     1%          3    N/A
e - Mephitic Cloud        Conj/Pois/Air  #####...     1%          3    N/A
f - Sting                 Conj/Pois      ####         1%          1    N/A
g - Sticky Flame          Conj/Fire      ######..     1%          4    N/A
h - Ignite Poison         Fire/Tmut/Pois #####...     1%          3    N/A
i - Confuse               Hex            ###.....     11%         3    N/A
j - Stone Arrow           Conj/Erth      ######       1%          3    N/A
k - Orb of Destruction    Conj           #######...   1%          7    N/A
l - Airstrike             Air            ###.......   7%          4    N/A
m - Apportation           Tloc           ###...       2%          1    N/A

Dungeon Overview and Level Annotations

Branches:
Dungeon (11/15)            Temple (0/1) D:4            Lair (6/6) D:9
  Swamp (4/4) Lair:2       Spider (0/4) Lair:2        Slime (0/5) Lair:5
    Orc (2/2) D:10            Elf (0/3) Orc:2

Altars:
Ashenzari
Cheibriados
Gozag
Kikubaaqudgha
Makhleb
Okawaru
Qazlal
Ru
Sif Muna
Trog
Vehumet
Yredelemnul
The Shining One
Beogh

Shops:
D:7 *   Orc:2 :![!(

Annotations:
Swamp:4 MrSolrac's ghost, adept MiFi


Innate Abilities, Weirdness & Mutations

You do not eat or drink.
Your flesh is vulnerable to fire.
You are immune to poison.
Your flesh is cold resistant. (rC+)
You are immune to negative energy. (rN+++)
You are immune to unholy pain and torment.
You can survive without breathing.
You are in touch with the powers of death.


Message History

As you read the scroll of teleportation, it crumbles to dust.
You feel strangely unstable.
The swamp dragon roars deafeningly!
The swamp drake roars!
The spriggan druid gestures wildly while chanting.
The forest starts to sway and rumble!
The four-headed hydra roars!
You hear a roar!
A swamp drake comes into view.
A tree reaches out and hits you!
* * * LOW HITPOINT WARNING * * *
The swamp dragon moves out of view.
The swamp dragon breathes poison at you.
The blast of poison engulfs you! You resist.
You hear a roar! x2
A tyrant leech comes into view.
Casting: Blink
Confirm with . or Enter, or press ? or * to list all spells.
You blink.
A swamp drake comes into view.
The tyrant leech bites you!
You die...

≈≈ ≈.≈≈# ...≈# k
≈♣≈≈## ≈§
♣≈≈≈≈#♣##.### ##
♣.≈...♣#...§#♣♣.≈
≈.♣♣♣≈....!.......≈.
≈≈≈≈.....k≈D.D≈≈.♣..
♣...w@Dk.D≈§≈≈i.!≈
♣≈≈≈≈♣♣...≈§§≈≈≈≈≈≈
♣≈.≈ ♣.§♣§§§≈≈≈≈≈
♣♣. ♣≈≈§§§§..≈≈≈ ♣
♣♣§♣§♣♣..... ♣♣♣♣♣
♣♣♣


You could see a four-headed hydra, 3 swamp dragons, a tyrant leech and 3 swamp
drakes.

Vanquished Creatures
  Kirke (Swamp:1)
  Donald (Swamp:3)
  The ghost of p0werm0de the Severer, a journeyman DsWn of Uskayaw (Orc:2)
  The ghost of kae the Black Belt, a journeyman DsMo of Wu Jian (Lair:5)
  6 dire elephants (Lair:6)
  Snorg (D:11)
  12 hydras
  2 anacondas
  2 ghost crabs (Swamp:4)
  10 alligators
  An ogre mage (Orc:2)
  4 two-headed ogres
  Nergalle (Orc:2)
  2 spriggan druids
  An unseen horror (D:11)
  6 swamp dragons
  2 shambling mangroves
  2 orc knights (Orc:1)
  3 oklob plants (Lair:3)
  10 orc sorcerers
  A cyclops (Orc:2)
  4 black mambas
  An eye of devastation (Lair:5)
  4 elephants (Lair:6)
  12 spiny frogs
  An efreet (D:9)
  2 rime drakes
  8 komodo dragons
  4 trolls (Orc:1)
  6 jumping spiders (Lair:2)
  A merfolk (D:9)
  5 hornets
  2 polar bears (Lair:6)
  A tyrant leech (Swamp:4)
  5 blink frogs (Swamp:2)
  3 bog bodies
  7 slime creatures
  9 spriggans
  2 shadows
  9 hippogriffs
  4 redbacks (Lair:2)
  32 yaks
  3 wraiths (D:11)
  Eustachio (D:4)
  A wyvern (Lair:4)
  2 hungry ghosts
  3 basilisks
  2 humans (D:8)
  5 vampire mosquitoes
  2 wargs (Orc:1)
  5 insubstantial wisps (Swamp:2)
  Edmund (D:6)
  16 swamp worms
  10 porcupines
  8 water moccasins
  A hornet zombie (D:8)
  15 orc warriors
  2 swamp drakes
  2 ice beasts
  An eye of draining (Lair:5)
  A phantom (D:5)
  2 sky beasts
  3 necrophages
  12 ogres
  2 black bears
  2 centaurs
  15 crocodiles
  4 big kobolds
  13 bullfrogs
  An elf skeleton (D:10)
  2 wyvern zombies
  A water moccasin zombie (Ossuary)
  5 scorpions
  A troll zombie (D:10)
  Dowan (D:7)
  11 killer bees
  3 wights (D:8)
  4 electric eels
  3 howler monkeys
  A troll skeleton (D:10)
  A lava snake (D:10)
  A bullfrog zombie (D:8)
  5 crimson imps
  A centaur zombie (D:11)
  3 human zombies (D:10)
  8 hounds
  2 jellies
  A centaur skeleton (D:10)
  A bullfrog skeleton (D:11)
  6 orc priests
  29 orc wizards
  A human skeleton (D:10)
  5 iguanas
  6 worker ants
  A killer bee zombie (D:9)
  A big kobold zombie (Ossuary)
  A hound zombie (D:8)
  3 mummies
  3 worker ant zombies
  13 adders
  2 river rats (D:4)
  3 oozes
  2 adder zombies
  2 adder skeletons (D:8)
  3 worms
  A dart slug (D:3)
  6 leopard geckos
  56 orcs
  2 ball pythons
  4 giant cockroaches
  15 goblins
  4 hobgoblins (D:1)
  A jackal (D:7)
  2 quokkas
  15 bats
  14 frilled lizards
  A gnoll zombie (Ossuary)
  5 hobgoblin zombies (Ossuary)
  A jackal skeleton (D:5)
  19 kobolds
  4 kobold zombies (Ossuary)
  7 orc zombies
  2 quokka zombies
  7 rats
  9 plants
638 creatures vanquished.

Vanquished Creatures (collateral kills)
  Prince Ribbit (D:7)
  Menkaure (D:7)
  Duvessa (D:7)
  A porcupine (D:9)
  A sky beast (D:7)
  An ice beast (D:6)
  A water moccasin zombie (Ossuary)
  A crimson imp (D:7)
  A quasit (D:7)
  An orc wizard (Orc:1)
  A big kobold zombie (Ossuary)
  A mummy (Ossuary)
  An adder (D:7)
  An orc (Orc:1)
  A gnoll zombie (Ossuary)
  A jackal (D:7)
  2 hobgoblin zombies (Ossuary)
  A jackal zombie (D:7)
  A kobold (D:9)
  An orc zombie (Ossuary)
21 creatures vanquished.

Vanquished Creatures (others)
  A swamp dragon (Swamp:2)
  3 humans (Swamp:1)
  An ice beast (D:9)
  2 bushes (D:9)
  18 fungi
  33 plants
58 creatures vanquished.

Grand Total: 717 creatures vanquished

Notes
Turn   | Place    | Note
-------+----------+-------------------------------------------
     0 | D:1      | raistware the Mummy Wizard began the quest for the Orb.
     0 | D:1      | Reached XP level 1. HP: 13/13 MP: 5/5
   213 | D:1      | Reached skill level 1 in Conjurations
   523 | D:1      | Reached XP level 2. HP: 19/19 MP: 0/7
   527 | D:1      | Learned a level 2 spell: Blink
   530 | D:1      | Learned a level 2 spell: Call Imp
  1353 | D:1      | Reached XP level 3. HP: 24/24 MP: 4/8
  1358 | D:1      | Learned a level 3 spell: Conjure Flame
  1667 | D:2      | Found a bloodstained altar of Trog.
  1857 | D:2      | Found a basalt altar of Yredelemnul.
  2248 | D:2      | Reached XP level 4. HP: 30/30 MP: 4/10
  2253 | D:2      | Learned a level 3 spell: Mephitic Cloud
  2723 | D:3      | Found a radiant altar of Vehumet.
  2749 | D:3      | Became a worshipper of Vehumet
  2798 | D:3      | Reached skill level 1 in Summonings
  2798 | D:3      | Reached skill level 1 in Translocations
  3052 | D:3      | Found an opulent altar of Gozag.
  3083 | D:3      | Found a shattered altar of Ashenzari.
  3403 | D:3      | Reached skill level 5 in Spellcasting
  3403 | D:3      | Reached XP level 5. HP: 10/35 MP: 6/12
  3679 | D:3      | Reached * piety under Vehumet
  3679 | D:3      | Offered knowledge of Sting by Vehumet.
  3824 | D:4      | Found a staircase to the Ecumenical Temple.
  3862 | D:4      | Noticed Eustachio
  4041 | D:4      | Found a glowing drain.
  4045 | Sewer    | Entered a sewer
  4112 | Sewer    | Learned a level 1 spell: Sting
  4112 | Sewer    | Noticed a crocodile
  4132 | Sewer    | Killed a crocodile
  4132 | Sewer    | Reached XP level 6. HP: 27/41 MP: 8/14
  4268 | D:4      | Found a burning altar of Makhleb.
  4270 | D:4      | Noticed a cacodemon
  4274 | D:4      | Noticed a hellwing
  4274 | D:4      | Noticed a neqoxec
  4340 | D:4      | Found an ancient bone altar of Kikubaaqudgha.
  4616 | D:4      | Found a deep blue altar of Sif Muna.
  5024 | D:4      | Killed Eustachio
  5024 | D:4      | Reached skill level 5 in Conjurations
  5024 | D:4      | Reached XP level 7. HP: 46/46 MP: 3/16
  5137 | D:5      | Entered Level 5 of the Dungeon
  5680 | D:5      | Reached XP level 8. HP: 34/52 MP: 7/19
  5964 | D:6      | Found a sacrificial altar of Ru.
  5980 | D:6      | Reached ** piety under Vehumet
  6099 | D:6      | Offered knowledge of Sandblast by Vehumet.
  6119 | D:6      | Reached skill level 1 in Air Magic
  6119 | D:6      | Reached skill level 1 in Poison Magic
  6309 | D:6      | Noticed Edmund
  6352 | D:6      | Killed Edmund
  6491 | D:6      | Found a sand-covered staircase.
  6500 | Ossuary  | Entered an ossuary
  6936 | Ossuary  | Offered knowledge of Static Discharge by Vehumet.
  7350 | D:7      | Reached *** piety under Vehumet
  7395 | D:7      | Reached XP level 9. HP: 47/57 MP: 21/21
  7405 | D:7      | Noticed Menkaure
  7442 | D:7      | Noticed Dowan
  7450 | D:7      | Noticed Prince Ribbit
  7460 | D:7      | Killed Dowan
  7476 | D:7      | Killed Prince Ribbit
  7476 | D:7      | Reached skill level 1 in Fire Magic
  7506 | D:7      | Killed Menkaure
  7513 | D:7      | Noticed Duvessa
  7627 | D:7      | Killed Duvessa
  7838 | D:7      | Found Toluaq's Assorted Antiques.
  7870 | D:7      | Bought 2 scrolls labeled GONYNT AMUO for 44 gold pieces
  7870 | D:7      | Bought a scroll labeled XIMUCS JODGH for 22 gold pieces
  7930 | D:7      | Found a stormy altar of Qazlal.
  7930 | D:7      | Found a snail-covered altar of Cheibriados.
  8405 | D:8      | Offered knowledge of Sticky Flame by Vehumet.
  8435 | D:8      | Learned a level 4 spell: Sticky Flame
  8985 | D:8      | Found an iron altar of Okawaru.
  9154 | D:8      | Reached skill level 10 in Spellcasting
  9333 | D:8      | Found a glowing golden altar of the Shining One.
  9359 | D:8      | Reached **** piety under Vehumet
  9367 | D:8      | Reached XP level 10. HP: 63/63 MP: 5/24
  9889 | D:9      | Noticed a two-headed ogre
  9914 | D:9      | Killed a two-headed ogre
 10053 | D:9      | Offered knowledge of Ignite Poison by Vehumet.
 10103 | D:9      | Learned a level 3 spell: Ignite Poison
 10249 | D:9      | Reached skill level 10 in Conjurations
 10387 | D:9      | Found a staircase to the Lair.
 10657 | D:9      | Got an aquamarine-encrusted chain mail
 10658 | D:9      | Identified the +11 chain mail of Reason {*Corrode +Blink rF+ Int+5} (You found it on level 9 of the Dungeon)
 10689 | D:9      | Reached ***** piety under Vehumet
 10720 | D:9      | Learned a level 3 spell: Confuse
 10724 | D:9      | Learned a level 3 spell: Stone Arrow
 10980 | D:9      | Offered knowledge of Bolt of Draining by Vehumet.
 11365 | D:10     | Entered Level 10 of the Dungeon
 11430 | D:10     | Reached skill level 5 in Fire Magic
 11430 | D:10     | Reached XP level 11. HP: 42/68 MP: 26/26
 11694 | D:10     | Noticed a two-headed ogre
 11702 | D:10     | Killed a two-headed ogre
 11937 | D:10     | Found a staircase to the Orcish Mines.
 12163 | D:10     | Found an ancient bone altar of Kikubaaqudgha.
 12520 | D:11     | Learned a level 7 spell: Orb of Destruction
 12549 | D:11     | Noticed a two-headed ogre
 12563 | D:11     | Killed a two-headed ogre
 12871 | D:11     | Noticed Snorg
 12893 | D:11     | Killed Snorg
 12996 | D:11     | Killed an unseen horror
 13693 | Lair:1   | Entered Level 1 of the Lair of Beasts
 13878 | Lair:1   | Reached skill level 1 in Armour
 13921 | Lair:1   | You fall through a shaft!
 13965 | Lair:2   | Noticed a seven-headed hydra
 14119 | Lair:1   | Reached XP level 12. HP: 74/74 MP: 28/28
 14690 | Lair:2   | Found a hole to the Spider Nest.
 14740 | Lair:2   | Found a staircase to the Swamp.
 14915 | Lair:2   | You fall through a shaft!
 15171 | Lair:2   | Offered knowledge of Airstrike by Vehumet.
 15179 | Lair:2   | Learned a level 4 spell: Airstrike
 15639 | Lair:2   | Killed a seven-headed hydra
 17115 | Lair:3   | Noticed a six-headed hydra
 17130 | Lair:3   | Killed a six-headed hydra
 17554 | Lair:4   | You fall through a shaft for 2 floors!
 17554 | Lair:6   | Entered Level 6 of the Lair of Beasts
 17642 | Lair:6   | Noticed an eight-headed hydra
 17647 | Lair:6   | Gained mutation: You are in touch with the powers of death. [Mummy growth]
 17647 | Lair:6   | Reached XP level 13. HP: 73/79 MP: 2/30
 18866 | Lair:5   | Found a staircase to the Slime Pits.
 19191 | Lair:5   | Noticed kae's ghost (journeyman DsMo)
 19199 | Lair:5   | Killed kae's ghost
 20746 | Lair:6   | Got a twisted quarterstaff
 20747 | Lair:6   | Identified the +10 quarterstaff "Goiror" {crush, rF++ Int-3 Dex+2} (You found it on level 6 of the Lair of Beasts)
 21093 | Lair:6   | Learned a level 1 spell: Apportation
 21137 | Lair:6   | Noticed a dire elephant
 21137 | Lair:6   | Noticed a dire elephant
 21181 | Lair:6   | Killed a dire elephant
 21182 | Lair:6   | Killed a dire elephant
 21225 | Lair:6   | Identified the Reference Book on Enchanting Arcane Weapons
 21330 | Lair:6   | Noticed a dire elephant
 21330 | Lair:6   | Noticed a dire elephant
 21331 | Lair:6   | Noticed a dire elephant
 21371 | Lair:6   | Killed a dire elephant
 21400 | Lair:6   | Killed a dire elephant
 21414 | Lair:6   | Killed a dire elephant
 21593 | Lair:6   | Noticed a dire elephant
 21629 | Lair:6   | Killed a dire elephant
 21833 | Orc:1    | Entered Level 1 of the Orcish Mines
 21846 | Orc:1    | Reached XP level 14. HP: 85/85 MP: 15/32
 22100 | Orc:1    | Offered knowledge of Lightning Bolt by Vehumet.
 22224 | Orc:2    | Entered Level 2 of the Orcish Mines
 22224 | Orc:2    | Noticed p0werm0de's ghost (journeyman DsWn)
 22345 | Orc:2    | Killed p0werm0de's ghost
 22548 | Orc:2    | Found a roughly hewn altar of Beogh.
 22629 | Orc:2    | Reached skill level 15 in Spellcasting
 22662 | Orc:2    | Found Haoxib's Book Shop.
 22741 | Orc:2    | Found an ancient bone altar of Kikubaaqudgha.
 22743 | Orc:2    | Noticed Nergalle
 22756 | Orc:2    | Killed Nergalle
 22780 | Orc:2    | Found Astrerphui's Antique Armour Shop.
 22793 | Orc:2    | Bought an embroidered cloak for 120 gold pieces
 22838 | Orc:2    | Found a radiant altar of Vehumet.
 23011 | Orc:2    | Found a roughly hewn altar of Beogh.
 23030 | Orc:2    | Found Watecs's Distillery.
 23035 | Orc:2    | Found Ustrouc's Distillery.
 23168 | Orc:2    | Found a staircase to the Elven Halls.
 23193 | Orc:2    | Found Fidulu's Weapon Boutique.
 23669 | Orc:2    | Bought a +4 whip of electrocution for 451 gold pieces
 23840 | Swamp:1  | Entered Level 1 of the Swamp
 24099 | Swamp:1  | Noticed Kirke
 24115 | Swamp:1  | Noticed a sphinx
 24123 | Swamp:1  | Killed Kirke
 24123 | Swamp:1  | Reached skill level 15 in Conjurations
 24976 | Swamp:2  | Reached skill level 10 in Fire Magic
 25780 | Swamp:3  | Reached XP level 15. HP: 65/90 MP: 34/34
 25862 | Swamp:3  | Offered knowledge of Poison Arrow by Vehumet.
 25888 | Swamp:3  | Noticed Donald
 26086 | Swamp:3  | Killed Donald
 26547 | Swamp:4  | Entered Level 4 of the Swamp
 26877 | Swamp:4  | Noticed MrSolrac's ghost (adept MiFi)
 27237 | Swamp:4  | Slain by a tyrant leech

Skill      XL: |  1  2  3  4  5  6  7  8  9 10 11 12 13 14 15 |
---------------+----------------------------------------------+-----
Conjurations   | 1 2 3 5 6 7 9 10 11 13 14 15 16 | 16.0
Stealth        | 2 |  2.0
Dodging        | 2 |  2.0
Summonings     | 1 |  1.0
Translocations | 1 |  1.0
Spellcasting   | 5 6 7 8 10 11 12 13 14 15 16 | 16.3
Air Magic      | 1 |  1.0
Poison Magic   | 1 |  1.0
Fire Magic     | 3 5 6 7 9 10 | 10.6
Armour         | 1 4 |  4.0

Action                   |  1- 3 |  4- 6 |  7- 9 | 10-12 | 13-15 || total
-------------------------+-------+-------+-------+-------+-------++-------
Melee: Hand axe          |    24 |     1 |    87 |     9 |       ||   121
       Dagger            |       |   121 |   138 |   133 |       ||   392
       Scimitar          |       |       |       |     7 |       ||     7
       Morningstar       |       |       |       |    18 |   317 ||   335
 Cast: Magic Dart        |   102 |    39 |    98 |    47 |    14 ||   300
       Mephitic Cloud    |       |     6 |     9 |    10 |    22 ||    47
       Call Imp          |       |     4 |    55 |    25 |     3 ||    87
       Conjure Flame     |       |     3 |    32 |    70 |    40 ||   145
       Sting             |       |    35 |   124 |   233 |   114 ||   506
       Sticky Flame      |       |       |     1 |    35 |    80 ||   116
       Stone Arrow       |       |       |       |    74 |    38 ||   112
       Orb of Destructio |       |       |       |    60 |   206 ||   266
       Confuse           |       |       |       |     2 |     1 ||     3
       Blink             |       |       |       |       |    47 ||    47
       Airstrike         |       |       |       |       |     1 ||     1
       Ignite Poison     |       |       |       |       |     2 ||     2
 Abil: Evoke Flight      |       |       |       |     1 |     3 ||     4
       Stop Flying       |       |       |       |       |     2 ||     2
Evoke: Lightning rod     |       |       |       |       |     5 ||     5
       Wand              |       |       |       |       |    14 ||    14
  Use: Scroll            |       |     4 |     3 |    14 |    10 ||    31
 Stab: Sleeping          |     4 |       |     1 |     4 |       ||     9
       Confused          |       |       |     2 |     4 |     2 ||     8
       Distracted        |       |       |     3 |       |       ||     3
Armor: Robe              |    15 |    51 |    76 |    54 |       ||   196
       Troll leather arm |       |       |       |    26 |   147 ||   173
Dodge: Dodged            |    38 |    89 |   151 |   138 |   159 ||   575
Block: Other             |       |       |       |    18 |       ||    18
       Reflection        |       |       |       |     1 |       ||     1
       Rpst.: Scimitar   |       |       |       |     4 |       ||     4
